Map: Deathaura LE

Players

Rescue

  • Race: Zerg Zerg
  • League: Grandmaster
  • Spawn Location: 5:00

SacDeFromage - Winner!

  • Race: Zerg Zerg
  • League: Grandmaster
  • Spawn Location: 11:00

VOD

Have the link to the VOD?

Description

Time

  • Played on: Dec. 20, 2020, 3:34 p.m.
  • Length: 8:06
Show
View Real Time Build Order
Export as new Build Order

Rescue Zerg 

Build Orders: Pool First 

Get SALT Encoding   

  12  0:17  Spawning Pool  
  11  0:22  Drone  
  11  0:27  Drone  
  13  0:31  Drone  
  14  0:36  Extractor  
  14  0:38  Drone  
  15  0:45  Overlord  
  15  1:05  Zergling x2  
  15  1:06  Zergling x2  
  15  1:07  Queen  
  19  1:16  Zergling x2  
  20  1:27  Zergling x2  
  20  1:32  Hatchery  
  20  1:46  Queen  
  22  1:49  Extractor  
  22  1:52  Overlord  
  21  2:02  Drone  
  22  2:11  Drone x2  
  22  2:15  Drone  
  25  2:17  Drone x2  
  27  2:23  Drone  
  28  2:32  Drone  
  29  2:43  Baneling Nest  
  26  2:45  Queen  
  26  2:49  Drone  
  29  2:52  Drone  
  29  2:56  Drone  
  31  3:01  Overlord  
  31  3:09  Queen  
  33  3:15  Drone x2  
  35  3:20  Metabolic Boost  
  35  3:25  Drone x2  
  37  3:33  Zergling x6  
  40  3:35  Baneling x2  
  40  3:39  Drone  
  40  3:41  Drone  
  41  3:50  Drone x2  
  41  3:55  Drone  
  44  3:58  Baneling x3  
  42  4:06  Drone  
  42  4:08  Evolution Chamber  
  42  4:12  Roach Warren  
  41  4:20  Overlord  
  41  4:22  Drone x2  
  43  4:34  Lair, Overlord  
  43  4:41  Drone x7  
  43  4:44  Drone  
  51  4:47  Baneling  
  51  4:54  Drone x4  
  51  4:57  Extractor x2  
  52  5:01  Spine Crawler  
  52  5:02  Overlord  
  52  5:04  Drone x2  
  53  5:10  Drone x3  
  56  5:19  Overlord, Zerg Melee Weapons Level 1  
  56  5:23  Extractor, Drone  
  56  5:25  Zergling x6  
  59  5:28  Zergling x2  
  59  5:35  Zergling x8  
  64  5:40  Extractor  
  63  5:46  Spire, Overlord  
  63  5:58  Glial Reconstitution  
  63  5:59  Hatchery  
  63  6:08  Zergling x16  
  63  6:10  Spire  
  70  6:19  Drone x2  
  70  6:25  Hatchery  
  71  6:33  Overlord x2  
  71  6:41  Zergling x8  
  71  6:45  Zergling x4  
  59  7:08  Zergling x14  
  65  7:16  Zergling x2  
  65  7:21  Zergling x8  
  65  7:24  Mutalisk  
  65  7:25  Mutalisk x2  
  65  7:30  Mutalisk  
  65  7:32  Mutalisk  
  62  7:40  Mutalisk x2  
  63  7:48  Zergling x4  
Show
View Real Time Build Order
Export as new Build Order

SacDeFromage Zerg - Winner!

Build Orders: Hatch First 

Get SALT Encoding   

  12  0:01  Drone  
  13  0:14  Overlord  
  13  0:17  Drone  
  14  0:33  Drone x2  
  16  0:41  Drone  
  17  0:54  Hatchery  
  17  0:55  Drone  
  17  1:05  Drone  
  17  1:07  Extractor  
  17  1:15  Spawning Pool  
  17  1:18  Drone  
  17  1:28  Drone  
  18  1:35  Drone  
  19  1:46  Overlord  
  19  1:56  Drone  
  20  2:01  Queen  
  20  2:07  Zergling x4  
  20  2:08  Queen  
  26  2:09  Metabolic Boost  
  26  2:15  Zergling x2  
  27  2:23  Zergling x2  
  28  2:34  Baneling Nest  
  27  2:43  Drone x3  
  27  2:44  Drone  
  31  2:50  Overlord  
  31  2:52  Drone  
  32  2:58  Drone  
  33  3:06  Overlord  
  33  3:11  Evolution Chamber  
  32  3:17  Zergling x4  
  32  3:18  Zergling x2  
  34  3:20  Drone x3  
  37  3:38  Drone x4  
  40  3:43  Zerg Missile Weapons Level 1  
  40  3:46  Roach Warren  
  40  3:47  Overlord  
  37  3:59  Zergling x2  
  37  4:00  Zergling x12  
  41  4:07  Spine Crawler, Drone  
  41  4:08  Drone  
  42  4:14  Drone x2  
  44  4:19  Extractor, Baneling x2  
  43  4:24  Lair  
  43  4:26  Drone x2  
  43  4:30  Drone  
  46  4:33  Roach x2  
  50  4:38  Extractor  
  49  4:45  Drone x6  
  49  4:50  Drone  
  56  4:57  Drone  
  56  5:04  Hatchery, Drone  
  56  5:19  Roach  
  56  5:20  Overlord x3  
  58  5:29  Glial Reconstitution  
  58  5:32  Overseer  
  58  5:37  Overlord  
  58  5:39  Zerg Missile Weapons Level 2  
  58  5:43  Roach x3  
  64  5:51  Roach x5  
  64  5:54  Overlord  
  74  5:57  Queen  
  76  6:04  Hydralisk Den  
  76  6:07  Extractor  
  74  6:14  Roach x4  
  74  6:16  Overlord  
  82  6:20  Queen  
  83  6:30  Roach x4  
  91  6:48  Baneling  
  89  7:00  Roach  
  89  7:01  Roach x7  
  105  7:12  Overlord  
  102  7:22  Roach  
  104  7:23  Overlord x3  
  103  7:30  Ravager  
  103  7:31  Ravager  
  103  7:33  Drone x6  
Tags
 
Add a new tag
Caveats
  • Supply blocks, unpowered buildings, or Contaminate may cause inaccurate times.
  • Supply counts are checked every 10 seconds.